 Dungeon Crawl Stone Soup version 0.29.1-12-g30fa7ad0bf (webtiles) character file.

Game seed: 127375164710451239

2048 retardedninja the Cleaver (level 9, -3/72 HPs)
             Began as a Hill Orc Fighter on Jan 5, 2023.
             Slain by a manticore (9 damage)
             ... on level 8 of the Dungeon.
             The game lasted 00:09:44 (9039 turns).

retardedninja the Cleaver (Hill Orc Fighter)        Turns: 9039, Time: 00:09:46

Health: -3/72      AC: 17    Str: 35      XL:     9   Next: 25%
Magic:  9/9        EV:  8    Int:  8      God:
Gold:   505        SH:  5    Dex:  9 (10) Spells: 8/8 levels left

rFire   + . .      SeeInvis .   s - +0 war axe (vorpal)
rCold   . . .      Faith    .   c - +0 buckler
rNeg    . . .      Spirit   .   e - +0 plate armour
rPois   .          Reflect  .   B - +0 helmet
rElec   .          Harm     .   (no cloak)
rCorr   .          Rampage  .   q - +0 pair of gloves
Will    .....                   y - +0 pair of boots
Stlth   ..........              (no amulet)
HPRegen 0.22/turn               t - +6 ring of strength
MPRegen 0.11/turn               A - +6 ring of strength

@: no status effects
A: deterioration 1, fire resistance 1, frail 1
a: Convert to Beogh


You were on level 8 of the Dungeon.
You visited 2 branches of the dungeon, and saw 9 of its levels.

You collected 505 gold pieces.

Inventory:

Hand Weapons
 s - a +0 vorpal war axe (weapon)
Armour
 c - a +0 buckler (worn)
 e - a +0 plate armour (worn)
 q - a +0 pair of gloves (worn)
 y - a +0 pair of boots (worn)
 B - a +0 helmet (worn)
Jewellery
 t - a +6 ring of strength (left hand)
 A - a +6 ring of strength (right hand)
Wands
 b - a wand of polymorph (4)
 f - a wand of iceblast (16)
 r - a wand of paralysis (21)
 u - a wand of acid (9)
 x - a wand of flame (17) (quivered)
Scrolls
 a - a scroll of fear
 i - 4 scrolls of vulnerability
 j - 2 scrolls of immolation
 k - a scroll of magic mapping
 v - 2 scrolls of identify
 z - 2 scrolls of butterflies
Potions
 g - 2 potions of brilliance
 h - 2 potions of curing
 l - 5 potions of lignification
 m - a potion of cancellation
 n - 2 potions of mutation
 o - a potion of attraction
 p - 4 potions of flight
 w - a potion of might


   Skills:
 + Level 8.0 Fighting
 + Level 8.2 Axes
 + Level 7.2 Armour
 + Level 7.3 Shields


You had 8 spell levels left.
You didn't know any spells.
Your spell library contained the following spells:

 Spells                   Type           Power      Damage    Failure   Level
 Necrotise                Necr           0%         1d4       98%         1
 Vampiric Draining        Necr           0%         2d6       100%        3
 Agony                    Necr           0%         N/A       100%        5
 Fireball                 Conj/Fire      0%         3d3       100%        5
 Iskenderun's Battlesphe  Conj           0%         2d6       100%        5
 Conjure Ball Lightning   Conj/Air       0%         3x3d6     100%        6
 Orb of Destruction       Conj           0%         9d5       100%        7


Dungeon Overview and Level Annotations

Branches:
Dungeon (8/15)             Temple (1/1) D:7
   Lair: D:8-11

Altars:
Ashenzari
Cheibriados
Dithmenos
Fedhas
Hepliaklqana
Kikubaaqudgha
Makhleb
Okawaru
Qazlal
Sif Muna
Trog
Uskayaw
Vehumet
Wu Jian
Xom
Yredelemnul
Zin
The Shining One

Shops:
D:8 [

Annotations:
D:4 3 runed translucent doors, Rangus's ghost, amateur OgAE


Innate Abilities, Weirdness & Mutations

Your body sometimes deteriorates upon taking damage.
Your flesh is heat resistant. (rF+)
You are frail. (-10% HP)


Message History

You swap places.
You swap places.
A magic dart appears from out of thin air!
The magic dart hits you.
The orc priest shouts, "Surrender to Beogh and we'll let you live!"
Something hits you but does no damage.
You barely miss something. You slash the orc!
You kill the orc!
An orc comes into view. It is wielding a +0 dagger.
The orc priest invokes the aid of Beogh against you.
You struggle to resist.
The orc hits you with a +0 whip. Something hits you but does no damage.
Something hits you but does no damage. The orc attacks as you move away!
The orc hits you but does no damage.
The orc priest threatens, "By the altar or by the axe, you will meet Beogh!"
The orc priest invokes the aid of Beogh against you.
Beogh smites you! The orc closely misses your butterfly.
The manticore bites you.
The manticore claws you but does no damage.
The manticore closely misses you.
You closely miss the manticore.
The manticore is severely wounded.
You barely miss something. You slash the orc priest!
The orc priest hits you but does no damage.
The orc hits your butterfly with a +0 whip.
Your butterfly dies!
Your butterfly disappears in a burst of colours!
The manticore bites you but does no damage.
The manticore claws you but does no damage.
The manticore claws you.
* * * LOW HITPOINT WARNING * * *
Something hits you but does no damage.
You slash the manticore!
The manticore is almost dead.
You barely miss something. You closely miss the orc priest.
The orc priest casts a cantrip, but nothing happens.
The manticore bites you!
* * * LOW HITPOINT WARNING * * *
The manticore claws you!
You die...

#........#.....###
#.∩..###.#.....).#
#........#.......#
#..#.....#......##
..##....##..b....#
............b.b..#
....#........b..##
.#.##.......bb...#
....#...b..bb..{@#######
#.##........b.booH†....##
####.))........#.o†......#
.......)....b.###....#....
#.............#....#.# ...
.#...##............### +
##.#...........#....#
...............#....#
...#....###.#.........


You could see a manticore, an orc priest (ally target) and 2 orcs.

Vanquished Creatures
  2 steam dragons
  Duvessa (D:7)
  An ice beast (D:7)
  A black bear (D:6)
  A sky beast (D:6)
  A centaur (D:6)
  2 bullfrogs (D:7)
  A gnoll sergeant (D:6)
  3 scorpions
  Dowan (D:7)
  5 killer bees
  3 jellies (D:6)
  2 gnoll boudas
  An orc priest (D:7)
  4 hounds
  Jessica (D:3)
  2 iguanas
  Ijyb (D:3)
  Terence (D:3)
  An orc wizard (D:4)
  13 gnolls
  6 adders
  A shadow imp (D:6)
  2 ufetubi
  2 dart slugs
  11 orcs
  3 ball pythons
  2 bats
  2 endoplasms (D:1)
  4 giant cockroaches
  8 goblins
  5 hobgoblins
  2 jackals (D:3)
  A quokka (D:4)
  2 frilled lizards
  11 kobolds
  8 rats
118 creatures vanquished.

Vanquished Creatures (others)
  2 fungi (D:4)
  4 plants
6 creatures vanquished.

Grand Total: 124 creatures vanquished

Notes
Turn   | Place    | Note
-------+----------+-------------------------------------------
     0 | D:1      | retardedninja the Hill Orc Fighter began the quest for the
                  | Orb.
     0 | D:1      | Reached XP level 1. HP: 19/19 MP: 1/1
   399 | D:1      | Reached XP level 2. HP: 24/27 MP: 2/2
  1058 | D:2      | Reached XP level 3. HP: 30/33 MP: 3/3
  1123 | D:2      | Found a radiant altar of Vehumet.
  1162 | D:2      | You fall into a shaft and drop 1 floor!
  1192 | D:3      | Noticed Jessica
  1202 | D:3      | Killed Jessica
  1272 | D:3      | Reached XP level 4. HP: 40/40 MP: 4/4
  1344 | D:2      | Found a faded altar of an unknown god.
  1853 | D:3      | Noticed Ijyb
  1864 | D:3      | Killed Ijyb
  2087 | D:3      | Noticed Terence
  2098 | D:3      | Killed Terence
  2099 | D:3      | Reached XP level 5. HP: 41/47 MP: 5/5
  2341 | D:3      | Found a glowing silver altar of Zin.
  2975 | D:4      | Reached XP level 6. HP: 50/55 MP: 6/6
  2979 | D:4      | Reached skill level 5 in Fighting
  3510 | D:4      | Found a runed translucent gate.
  3511 | D:4      | Found a runed translucent gate.
  3512 | D:4      | Found a runed translucent gate.
  3664 | D:4      | Noticed Rangus's ghost (amateur OgAE)
  3731 | D:5      | Entered Level 5 of the Dungeon
  3764 | D:5      | Reached skill level 5 in Axes
  4030 | D:5      | Noticed a steam dragon
  4039 | D:5      | Killed a steam dragon
  4040 | D:5      | Reached skill level 5 in Armour
  4040 | D:5      | Reached skill level 5 in Shields
  4040 | D:5      | Reached XP level 7. HP: 29/61 MP: 7/7
  5084 | D:5      | Found a broken altar of Ashenzari.
  5084 | D:5      | Found a snail-covered altar of Cheibriados.
  5084 | D:5      | Found an iron altar of Okawaru.
  5162 | D:5      | Found a radiant altar of Vehumet.
  5819 | D:6      | Reached XP level 8. HP: 66/71 MP: 8/8
  6015 | D:6      | Gained mutation: You are frail. (-10% HP) [potion of
                  | mutation]
  6015 | D:6      | Gained mutation: Your flesh is heat resistant. (rF+)
                  | [potion of mutation]
  6015 | D:6      | Gained mutation: Your body sometimes deteriorates upon
                  | taking damage. [potion of mutation]
  7719 | D:7      | Noticed Duvessa
  7719 | D:7      | Noticed Dowan
  7727 | D:7      | Killed Duvessa
  7745 | D:7      | Killed Dowan
  8006 | D:7      | Reached XP level 9. HP: 63/71 MP: 9/9
  8279 | D:7      | Found a staircase to the Ecumenical Temple.
  8288 | Temple   | Entered the Ecumenical Temple
  8928 | D:8      | Found Xuwnaxt's Antique Armour Shop.
  9013 | D:8      | Noticed a manticore
  9039 | D:8      | Slain by a manticore

Illustrated notes

Levels and vault maps discovered:
D:1:      spicycebolla_arrival_clurvy, layout_loops_cross,
          minmay_misc_feat_nine_boxes, serial_bayou_pond_c, nrook_mini_backslash
D:2:      layout_basic, basic_altar,
          hellmonk_ecumenical_altar_pennies_from_heaven
D:3:      layout_loops_ring, zin_treasury, uniq_jessica, uniq_terence, uniq_ijyb
D:4:      layout_loops_cross, gammafunk_ghost_nasty_kobolds
D:5:      layout_loops_ring, mainiacjoe_overflow_alcove_1,
          gammafunk_temple_overflow_claw, kennysheep_windowed_goal
D:6:      layout_basic
D:7:      layout_loops_corners, minmay_temple_entry_proselytizer,
          chequers_serial_rivers_micro_e, kennysheep_generic_room_6,
          uniq_duvessa
D:8:      minmay_blocky_corners, layout_cave_pools, nicolae_gozag_seed_capital,
          serial_shops, shop, nicolae_shop_behind_doors
Temple:   nicolae_temple_figure_eight

Skill      XL: |  1  2  3  4  5  6  7  8  9 |
---------------+----------------------------+-----
Axes           | 3 4 5 6 7 8 |  8.2
Fighting       | 4 5 6 7 8 |  8.0
Armour         | 4 5 6 7 |  7.2
Shields        | 4 5 6 7 |  7.3

Action                   |  1- 3 |  4- 6 |  7- 9 || total
-------------------------+-------+-------+-------++-------
Melee: War axe           |    61 |   139 |   193 ||   393
Evoke: Wand              |       |       |     6 ||     6
  Use: Potion            |     1 |       |     9 ||    10
       Scroll            |       |     9 |    12 ||    21
Armor: Scale mail        |     3 |       |       ||     3
       Plate armour      |    31 |   105 |   195 ||   331
Dodge: Dodged            |    21 |    48 |    95 ||   164
Block: Buckler           |    12 |    33 |    65 ||   110
